[Event "*** SCC Grand Prix: Titled Tuesday Blitz"]
[Site "Chess.com"]
[Date "2020.09.29"]
[Round "2"]
[White "DishonorOnYourCow"]
[Black "lacafi"]
[Result "1-0"]
[WhiteElo "2392"]
[BlackElo "2098"]
[TimeControl "180+1"]
[EndTime "10:17:08 PDT"]
[Termination "DishonorOnYourCow won on time"]

1. d4 f5 2. c4 Nf6 3. g3 g6 4. Nh3 Bg7 5. Bg2 O-O 6. Nf4 d6 7. d5 c5 8. O-O Na6 9. Nc3 Nc7 10. Qc2 e5 11. dxe6 Nxe6 12. Ncd5 Nd4 13. Qd1 Kh8 14.
e3 Nc6 15. Rb1 g5 16. Nh5 Nxh5 17. Qxh5 Ne5 18. Qe2 Rb8 19. b3 b5 20. cxb5 Qd7 21. a4 Bb7 22. Bb2 Qf7 23. Rbd1 Rbe8 24. Qc2 g4 25. Bxe5 Bxe5 26. Rfe1 h5 27. Nf4 Bxg2 28.
Nxg2 Qf6 29. Qc4 Kg7 30. Nf4 Rh8 31. Ng2 h4 32. Qd5 hxg3 33. hxg3 Qh6 34. Nh4 Qg5 35. Qg2 Rh6 36. Rd5 Reh8 37. Red1 Rxh4 38. gxh4 Rxh4 39. Rxe5 dxe5 40. Rd7+ Kh6 41. Qc6+ 1-0

[Event "*** SCC Grand Prix: Titled Tuesday Blitz"]
[Site "Chess.com"]
[Date "2020.09.29"]
[Round "2"]
[White "Borsuk_Konstantin"]
[Black "BillieKimbah"]
[Result "0-1"]
[WhiteElo "2574"]
[BlackElo "2918"]
[TimeControl "180+1"]
[EndTime "10:17:09 PDT"]
[Termination "BillieKimbah won on time"]

1. d4 d5 2. c4 c6 3. Nc3 Nf6 4. e3 Bf5 5. cxd5 cxd5 6. Qb3 Nc6 7. Qxb7 Bd7 8. Qb3 Rb8 9. Qd1 e5 10. Nf3 Bd6 11. Be2 e4 12. Nd2 Ne7 13. a3 O-O 14. b4 Ng6 15. g3 Bh3 16. Rg1 Qd7 17. Nb3 Qf5 18. Nb5 Be7 19. Nxa7 Ng4 20. Bxg4 Bxg4 21. Qc2 Qf3 22. Nc6 Rfc8 23. Nxe7+ Nxe7 24. Nc5 Nc6 25. Bb2 h6 26. Bc3 Ra8 27. b5 Ne5 28. Bb4 Nd3+ 29. Kd2 Nxb4 30. axb4 Qxf2+ 31. Kc3 Qxe3+ 32. Kb2 Qxd4+ 33.
Qc3 Qf2+ 34. Qc2 Qf6+ 35. Kb3 Rxa1 0-1

[Event "*** SCC Grand Prix: Titled Tuesday Blitz"]
[Site "Chess.com"]
[Date "2020.09.29"]
[Round "2"]
[White "isainz"]
[Black "brunomorado"]
[Result "0-1"]
[WhiteElo "2016"]
[BlackElo "2378"]
[TimeControl "180+1"]
[EndTime "10:17:09 PDT"]
[Termination "brunomorado won on time"]

1. e4 c5 2. Nf3 Nc6 3. d4 cxd4 4. Nxd4 e5 5. Nb5 d6 6. c4 Nf6 7. N1c3 a6 8. Na3 Be7 9. Bd3 Be6 10. O-O O-O 11.
Nc2 Rc8 12. Bd2 Nd7 13. Ne3 Nc5 14. Bc2 Nd4 15. Ncd5 Bg5 16. b4 Nd7 17. Bd3 g6 18. Rc1 f5 19. exf5 gxf5 20. Qh5 e4 21. h4 Bxe3 22.
fxe3 exd3 23. exd4 Bxd5 24. cxd5 Qf6 25. Bg5 Qxd4+ 26.
Kh1 Ne5 27. Rxc8 Rxc8 28. Rxf5 d2 29. Bxd2 Qxd2 30. Rxe5 Qc1+ 31. Kh2 Qf4+ 32. Kh1 Qxe5 0-1

[Event "*** SCC Grand Prix: Titled Tuesday Blitz"]
[Site "Chess.com"]
[Date "2020.09.29"]
[Round "2"]
[White "nrvisakh"]
[Black "andriipalchuk"]
[Result "1-0"]
[WhiteElo "2810"]
[BlackElo "2509"]
[TimeControl "180+1"]
[EndTime "10:17:10 PDT"]
[Termination "nrvisakh won by checkmate"]

1. e4 c6 2. d4 d5 3. exd5 cxd5 4. c3 Nf6 5. Bd3 Nc6 6. Ne2 Bg4 7. O-O e6 8. Qb3 Qc7 9. Bf4 Bd6 10. Bxd6 Qxd6 11.
Ng3 h5 12. f3 h4 13. fxg4 hxg3 14. h3 Qe7 15. Qd1 O-O-O 16. Qf3 e5 17. Qxg3 exd4 18. Bf5+ Nd7 19. cxd4 Nxd4 20. Rc1+ Nc6 21. Nc3 Qc5+ 22. Kh2 g6 23. Ne4 Qe7 24. Nd6+ Kb8 25. Bxd7 Ne5 26.
Nc8 Qg5 27. Bf5 f6 28. Be6 Rhe8 29. Bf7 Rf8 30. Be6 Rfe8 31. Bf7 Rf8 32. Qc3 Rxf7 33.
Nd6 Rff8 34. Qc7+ Ka8 35. Qxb7# 1-0

[Event "*** SCC Grand Prix: Titled Tuesday Blitz"]
[Site "Chess.com"]
[Date "2020.09.29"]
[Round "2"]
[White "superchess02"]
[Black "profofchess"]
[Result "0-1"]
[WhiteElo "2789"]
[BlackElo "2366"]
[TimeControl "180+1"]
[EndTime "10:17:10 PDT"]
[Termination "profofchess won by checkmate"]

1. d4 Nf6 2. c4 e6 3. Nc3 Bb4 4. e3 O-O 5. Bd3 c5 6. Nf3 b6 7. O-O Bxc3 8. bxc3 Bb7 9. Nd2 Nc6 10. a4 d6 11. f4 Rc8 12. Bb2 d5 13. cxd5 exd5 14. dxc5 Re8 15. Re1 bxc5 16. Rb1 c4 17. Bc2 Rc7 18.
e4 dxe4 19. Nxe4 Nxe4 20. Rxe4 Rd7 21. Rxe8+ Qxe8 22. Qe1 Re7 23. Qh4 h6 24. Rd1 Re2 25. Rc1 Nb4 26. Qg3 Nxc2 27. h3 Ne1 28. Rxe1 Rxe1+ 29. Kh2 Re2 30. Ba3 Rxg2+ 31. Qxg2 Bxg2 32. Kxg2 Qe2+ 33. Kg3 Qd3+ 34. Kf2 Qxc3 35. Bd6 Qd3 36. Be5 c3 37. f5 c2 38. Bb2 Qd1 39. Bc1 Qxc1 40.
Kf3 Qd1+ 41. Ke4 c1=Q 42. f6 Qe2+ 43. Kd5 gxf6 44. Kd6 Qe4 45. a5 Qcc6# 0-1

[Event "*** SCC Grand Prix: Titled Tuesday Blitz"]
[Site "Chess.com"]
[Date "2020.09.29"]
[Round "2"]
[White "Korchmar_Vasiliy"]
[Black "Salem-AR"]
[Result "0-1"]
[WhiteElo "2575"]
[BlackElo "2922"]
[TimeControl "180+1"]
[EndTime "10:17:11 PDT"]
[Termination "Salem-AR won on time"]

1. d4 Nf6 2. Nf3 g6 3. Bg5 Bg7 4. Nbd2 d5 5. e3 O-O 6. Be2 c5 7. c3 Nc6 8. dxc5 a5 9. a4 Qc7 10. O-O e5 11. Bxf6 Bxf6 12. e4 dxe4 13. Nxe4 Be7 14. Bc4 Kg7 15. Nd6 Rd8 16. Qb3 Bxd6 17. cxd6 Rxd6 18. Ng5 h6 19. Nxf7 Rf6 20. Rad1 Rxf7 21. Bxf7 Qxf7 22. Qb6 Qe7 23. Rd2 Be6 24. Rfd1 Rf8 25. Rd6 Rf7 26. Qe3 Bb3 27. R1d2 Qh4 28. Rd7 Qxa4 29. Rxf7+ Bxf7 30. h3 Qb3 31. Rd7 Qxb2 32.
Qc5 Qc1+ 33. Kh2 Qf4+ 34. Kg1 Qc1+ 35. Kh2 Qb2 36. Qd5 Qxf2 37. Rxb7 Qf4+ 38. Kh1 Qf6 0-1

[Event "*** SCC Grand Prix: Titled Tuesday Blitz"]
[Site "Chess.com"]
[Date "2020.09.29"]
[Round "2"]
[White "amiralfio"]
[Black "Pultis"]
[Result "0-1"]
[WhiteElo "2464"]
[BlackElo "2711"]
[TimeControl "180+1"]
[EndTime "10:17:11 PDT"]
[Termination "Pultis won by resignation"]

1. d4 Nf6 2. Bf4 e6 3. e3 d5 4. Nf3 c5 5. Nbd2 Bd6 6. Bg3 Qc7 7. c4 Bxg3 8. hxg3 cxd4 9. Nxd4 Nc6 10. Nb5 Qe7 11.
cxd5 exd5 12. Nb3 O-O 13. Bd3 g6 14. Rc1 Ne5 15. a3 Ne4 16. O-O Rd8 17. Rc7 Qf6 18. Bxe4 dxe4 19. N3d4 a6 20. Nc3 Qd6 21. Rxc8 Raxc8 22. Nxe4 Qb6 23. b4 Rd7 24. Nc5 Re7 25. Qa4 Rd8 26. Qb3 Qf6 27. Ne4 Qb6 28. Rc1 h5 29. Ng5 Kg7 30. Qc3 Qf6 31. f4 Ng4 32. e4 Qxd4+ 33. Qxd4+ Rxd4 0-1

[Event "*** SCC Grand Prix: Titled Tuesday Blitz"]
[Site "Chess.com"]
[Date "2020.09.29"]
[Round "2"]
[White "StockholmMissile"]
[Black "MisiekZielony"]
[Result "0-1"]
[WhiteElo "2410"]
[BlackElo "2240"]
[TimeControl "180+1"]
[EndTime "10:17:11 PDT"]
[Termination "MisiekZielony won by resignation"]

1. c4 c6 2. Nf3 d5 3. e3 Nf6 4.
Nc3 g6 5. b3 Bg7 6. Bb2 O-O 7. Rc1 Ne4 8. d3 Nxc3 9. Bxc3 Bg4 10.
Bxg7 Kxg7 11. Qd2 Bxf3 12. gxf3 e5 13. cxd5 cxd5 14. Qb2 Qf6 15. Be2 Nc6 16. Rc5 Rad8 17.
b4 d4 18. b5 Ne7 19. f4 exf4 20. e4 Rc8 21. e5 Qb6 22. Rxc8 Rxc8 23. O-O Nd5 24. Bf3 Nc3 25. Qd2 g5 26. h4 h6 27.
a4 Rc5 28. Re1 Qe6 29. hxg5 hxg5 30. Bxb7 Rxe5 31. Rxe5 Qxe5 32. Bf3 f5 33. Qb2 g4 34.
Bc6 Qe1+ 35. Kh2 f3 36. Kg3 Qe5+ 37. Kh4 Kf6 0-1

[Event "*** SCC Grand Prix: Titled Tuesday Blitz"]
[Site "Chess.com"]
[Date "2020.09.29"]
[Round "2"]
[White "SHIVACalypso"]
[Black "liczner"]
[Result "0-1"]
[WhiteElo "2343"]
[BlackElo "2661"]
[TimeControl "180+1"]
[EndTime "10:17:12 PDT"]
[Termination "liczner won by resignation"]

1. Nf3 Nf6 2. c4 g6 3. g3 Bg7 4. Bg2 d5 5. d4 dxc4 6. O-O O-O 7.
Na3 c3 8. bxc3 c5 9. Re1 Nc6 10. Nc4 Be6 11. Nce5 Nxe5 12. Nxe5 Nd5 13. Bb2 Bxe5 14.
dxe5 Nb6 15. Qxd8 Raxd8 16. Bxb7 Nc4 17. Bc1 Rd7 18. Ba6 Nxe5 19. Bf4 Bc4 20. Bxe5 Bxa6 21. f3 Rd2 22. Kf2 Rfd8 23. Ke3 f6 24. Bd4 Rxe2+ 25. Rxe2 cxd4+ 26. cxd4 Bxe2 27. Kxe2 Rxd4 28. Rc1 Ra4 29. Rc2 Ra3 30. Kf2 g5 31. g4 Kf7 32. Kg3 Kg6 33. Re2 e5 34. Kg2 h5 35. h3 h4 36. Rd2 Kf7 37.
Rc2 Ke7 38. Rd2 Ke6 39. Kf2 e4 40. fxe4 Rxh3 41. Rd8 Ra3 42. Rd2 Ke5 43. Rd5+ Kxe4 44. Rf5 Rxa2+ 45. Kg1 Ra6 46. Kg2 Re6 47. Ra5 a6 48.
Rf5 Kd4 49. Kf3 Kc4 50. Ra5 Kb4 51. Ra1 a5 52. Rb1+ Kc3 0-1

[Event "*** SCC Grand Prix: Titled Tuesday Blitz"]
[Site "Chess.com"]
[Date "2020.09.29"]
[Round "2"]
[White "Maghalashvili"]
[Black "Mikhail_Golubev"]
[Result "1-0"]
[WhiteElo "2699"]
[BlackElo "2456"]
[TimeControl "180+1"]
[EndTime "10:17:13 PDT"]
[Termination "Maghalashvili won by resignation"]

1. Nf3 d6 2. d4 Nf6 3. c4 g6 4. g3 Bg7 5. Bg2 O-O 6. O-O c6 7. Nc3 Bf5 8. b3 Ne4 9. Bb2 Nxc3 10. Bxc3 Be4 11. Re1 Nd7 12. Bh3 c5 13. Ng5 Bc6 14. e4 cxd4 15. Bxd4 Ne5 16. Bg2 h6 17. Nh3 Nd7 18.
Bxg7 Kxg7 19. Nf4 Ne5 20. Nd5 e6 21. Ne3 Qe7 22. Qd4 Kh7 23. Rad1 Rfd8 24. f4 Nd7 25. Qxd6 Qxd6 26. Rxd6 Nc5 27. e5 Rxd6 28. exd6 Bxg2 29.
Kxg2 Rd8 30. b4 Nd3 31. Rb1 Rxd6 32. Rd1 g5 33. fxg5 hxg5 34. Kf1 Rd7 35. Ng4 Rd4 36. Nf2 Rxc4 37. Nxd3 Rc2 38. a4 Rxh2 39. Nf2 Kg6 40. Rd7 f5 41. Rxb7 f4 42. gxf4 gxf4 43. Rxa7 e5 44. b5 Kf5 45. Re7 Kf6 46. Re8 Rh3 1-0

[Event "*** SCC Grand Prix: Titled Tuesday Blitz"]
[Site "Chess.com"]
[Date "2020.09.29"]
[Round "2"]
[White "gmpeter008"]
[Black "Nachsueb"]
[Result "1-0"]
[WhiteElo "2370"]
[BlackElo "1978"]
[TimeControl "180+1"]
[EndTime "10:17:13 PDT"]
[Termination "gmpeter008 won by resignation"]

1. d4 Nf6 2. Bf4 d5 3. Nf3 c5 4. e3 Nc6 5. Nbd2 Qb6 6. dxc5 Qxb2 7. c4 Qb4 8. Rb1 Qxc5 9. Rb5 Qa3 10. cxd5 Nb4 11.
Nb1 Qb2 12. Nd4 Bd7 13. Rxb7 Nc2+ 14. Qxc2 Qxb7 15. e4 e5 16. dxe6 fxe6 17. Bc4 Bb4+ 18. Nd2 Bxd2+ 19. Bxd2 Qxe4+ 20. Qxe4 Nxe4 21. Be3 O-O 22. Nxe6 Bxe6 23. Bxe6+ Kh8 24. O-O a5 25. Bd5 Rae8 26. g3 Nc3 27. Bc4 Rc8 28. Be6 Rc6 29. Bg4 Nxa2 30. Ra1 Rc2 31. Be6 Nc3 32. Rxa5 Nd1 33.
Bc5 Rc8 34. Bxc8 Rc1 35. Kg2 h5 36. Bf5 g6 37. Bd4+ Kg8 38. Be6+ Kf8 39. Bf6 1-0

[Event "*** SCC Grand Prix: Titled Tuesday Blitz"]
[Site "Chess.com"]
[Date "2020.09.29"]
[Round "2"]
[White "MarceloPlaya"]
[Black "Steven_Rojas"]
[Result "0-1"]
[WhiteElo "2290"]
[BlackElo "2454"]
[TimeControl "180+1"]
[EndTime "10:17:14 PDT"]
[Termination "Steven_Rojas won on time"]

1. e4 e5 2. Nf3 Nc6 3. d4 exd4 4. Bc4 Nf6 5. Ng5 Ne5 6. Qxd4 d6 7. O-O Be7 8. f4 Nxc4 9. Qxc4 O-O 10. e5 Ng4 11.
exd6 Qxd6 12. h3 Qb6+ 13. Kh1 h6 14. Ne4 Be6 15. Qe2 Nf6 16. Nbc3 Rfe8 17. Be3 Qc6 18. Bd4 Bc4 19. Qf3 Bxf1 20. Rxf1 Rad8 21. Be5 Nxe4 22. Nxe4 Qxc2 23. Qg3 g6 24. Nf2 Bd6 25. Ng4 Re6 26. Nxh6+ Kf8 27. Qh4 Be7 28. Qg4 Ra6 29. Bc3 Qe4 30. Qg3 Qc4 31. Re1 Bf6 0-1

[Event "*** SCC Grand Prix: Titled Tuesday Blitz"]
[Site "Chess.com"]
[Date "2020.09.29"]
[Round "2"]
[White "Chesstrainer1"]
[Black "PawnEatingZombie"]
[Result "1-0"]
[WhiteElo "2431"]
[BlackElo "2232"]
[TimeControl "180+1"]
[EndTime "10:17:14 PDT"]
[Termination "Chesstrainer1 won on time"]

1. Nf3 d5 2. g3 Nc6 3. d4 Bf5 4. Bg2 Nb4 5. Na3 e6 6. O-O c5 7.
c4 Nf6 8. Bf4 Be7 9. Nb5 O-O 10.
dxc5 Bxc5 11. a3 Nc6 12. b4 Be7 13. c5 a5 14. Qb3 Ne4 15. Rad1 Qd7 16. Nfd4 Nxd4 17.
Nxd4 Bg6 18. f3 Nf6 19. e4 axb4 20. axb4 Qa4 21. e5 Nd7 22. Qxa4 Rxa4 23. c6 bxc6 24. Nxc6 Bxb4 25. Be3 Bc5 26. Bxc5 Nxc5 27. f4 Rfa8 28. f5 Bxf5 29. Ne7+ Kf8 30. Nxf5 exf5 31. Bxd5 1-0

[Event "*** SCC Grand Prix: Titled Tuesday Blitz"]
[Site "Chess.com"]
[Date "2020.09.29"]
[Round "2"]
[White "Kislov_Oleg"]
[Black "Moultino06"]
[Result "1/2-1/2"]
[WhiteElo "2351"]
[BlackElo "2669"]
[TimeControl "180+1"]
[EndTime "10:17:16 PDT"]
[Termination "Game drawn by repetition"]

1. e4 Na6 2. d4 c6 3. Bxa6 Qa5+ 4.
Bd2 Qxa6 5. Nf3 d6 6. Nc3 g6 7.
Qe2 Qxe2+ 8. Nxe2 Bg7 9. O-O-O Nf6 10. Nc3 b5 11. e5 dxe5 12. Nxe5 Ng4 13. Nxg4 Bxg4 14.
f3 Bf5 15. g4 Be6 16. Bf4 O-O-O 17. Be5 Bh6+ 18. Kb1 f6 19. Bg3 Rhe8 20. Rhe1 Bf7 21. Ne4 Bd5 22. Rd3 f5 23. Nc5 f4 24. Bf2 Kb8 25.
b3 Rd6 26. Rc1 Bf7 27. c4 g5 28. Ne4 Bg6 29. cxb5 cxb5 30. Rdc3 Re6 31. d5 Bxe4+ 32. fxe4 Rxe4 33. Rc7 a5 34. Ba7+ Ka8 35. Bb6 a4 36.
Ra7+ Kb8 37. Rcc7 f3 38. Rcb7+ Kc8 39. Rc7+ Kb8 40. Rab7+ Ka8 41. Ra7+ Kb8 1/2-1/2

[Event "*** SCC Grand Prix: Titled Tuesday Blitz"]
[Site "Chess.com"]
[Date "2020.09.29"]
[Round "2"]
[White "Sadykov_Ramil"]
[Black "Chessmatus"]
[Result "0-1"]
[WhiteElo "2513"]
[BlackElo "2327"]
[TimeControl "180+1"]
[EndTime "10:17:16 PDT"]
[Termination "Chessmatus won on time"]

1. e4 c5 2. Nf3 d6 3. d4 cxd4 4. Nxd4 Nf6 5. Bd3 e5 6. Nb3 Be6 7. c4 Nbd7 8. f3 Rc8 9. Na3 Be7 10. Be3 a6 11. O-O O-O 12. Rc1 Nh5 13. Qd2 g6 14.
Rfd1 f5 15. Bb1 Ndf6 16. exf5 gxf5 17. Bh6 Rf7 18. Qg5+ Ng7 19. Qd2 f4 20. Qa5 Qe8 21.
Bg5 Nf5 22. Bxf5 Bxf5 23. c5 Rg7 24. Bxf6 Bxf6 25. cxd6 Rxc1 26. Rxc1 Qg6 27. Qd2 Bh3 28. Rc2 e4 29. fxe4 f3 30. g3 Qxe4 31. Kf2 Bg5 32.
Qc3 Bf5 0-1

[Event "*** SCC Grand Prix: Titled Tuesday Blitz"]
[Site "Chess.com"]
[Date "2020.09.29"]
[Round "2"]
[White "Khnykin_Nikolay"]
[Black "KacperPolOK"]
[Result "0-1"]
[WhiteElo "2079"]
[BlackElo "2386"]
[TimeControl "180+1"]
[EndTime "10:17:17 PDT"]
[Termination "KacperPolOK won by resignation"]

1. e4 c5 2. d4 cxd4 3. c3 e5 4. cxd4 exd4 5. Qxd4 Nc6 6. Qd1 Nf6 7. Nc3 Bb4 8. Bd3 d5 9. exd5 Qxd5 10. Ne2 Qxg2 11.
Rg1 Bxc3+ 12. bxc3 Qf3 13. Rxg7 Bg4 14. Bc4 Rd8 15. Qb3 Qh1+ 16. Ng1 Qxg1+ 17. Bf1 Rd1+ 18. Qxd1 Qxf1+ 19. Kxf1 Bxd1 20. Bg5 Nh5 21. Rxd1 Nxg7 22. Bf6 Rg8 23. Ke2 Ne6 24. Kf3 Rg6 25. Bh4 Kf8 26. Ke4 Rg4+ 27. f4 Rxf4+ 28. Ke3 Rxh4 29. Rd7 Rh3+ 30.
Ke4 Rxc3 31. Rxb7 Ra3 32. Rd7 Rxa2 33. Kd5 Rd2+ 34. Kxc6 Rxd7 35. Kxd7 a5 36. Kc6 a4 37. Kb5 a3 38. Kb4 a2 39. Kb3 a1=Q 40. Kb4 Qd1 0-1

[Event "*** SCC Grand Prix: Titled Tuesday Blitz"]
[Site "Chess.com"]
[Date "2020.09.29"]
[Round "2"]
[White "ajdemipopushi"]
[Black "Lagmantr"]
[Result "0-1"]
[WhiteElo "2343"]
[BlackElo "2649"]
[TimeControl "180+1"]
[EndTime "10:17:18 PDT"]
[Termination "Lagmantr won on time"]

1. Nf3 g6 2. g3 Bg7 3. c4 e5 4. Nc3 Ne7 5. Bg2 O-O 6. O-O Nbc6 7. d3 d6 8. Rb1 a5 9. a3 Nd4 10. e3 Nxf3+ 11. Qxf3 c6 12. b4 axb4 13. axb4 f5 14. Qe2 Be6 15. b5 Qd7 16. Qc2 d5 17.
Rd1 d4 18. exd4 exd4 19. Ne2 c5 20. Nf4 Bf7 21. h4 h6 22. Re1 Rae8 23. Bd2 b6 24.
Re2 g5 25. hxg5 hxg5 26. Nh3 Bh5 27. Bxg5 Bxe2 28. Qxe2 Bf6 29. Qh5 Qe6 30. Re1 Qxe1+ 31. Kh2 Qe6 32. Qh4 Bxg5 33. Nxg5 Qg6 34. Bf3 f4 35. gxf4 Nf5 36. Bd5+ Kg7 37. Qg4 Rh8+ 38. Kg1 Rh4 39. Qg2 Re1+ 0-1

[Event "*** SCC Grand Prix: Titled Tuesday Blitz"]
[Site "Chess.com"]
[Date "2020.09.29"]
[Round "2"]
[White "night_player"]
[Black "ZarinaShafigullina"]
[Result "1-0"]
[WhiteElo "2071"]
[BlackElo "2353"]
[TimeControl "180+1"]
[EndTime "10:17:19 PDT"]
[Termination "night_player won by resignation"]

1. e4 c5 2. c3 d5 3. exd5 Qxd5 4. d4 Nf6 5. Nf3 Nc6 6. Be3 cxd4 7. cxd4 e6 8. Nc3 Bb4 9. Bd3 O-O 10. O-O Bxc3 11. bxc3 Rd8 12. Qb3 a6 13. Rfd1 Qh5 14. Rac1 Nd5 15.
Bb1 Nxe3 16. fxe3 Ne7 17. e4 Bd7 18. c4 b5 19. c5 Bc6 20. Ne5 Rac8 21. Rf1 Rxd4 22.
Nxf7 Bd7 23. Qe3 Rc4 24. Nd6 Rxc1 25. Rxc1 Rc6 26. Nb7 Rc7 27. Na5 Nc6 28. Nb3 Ne5 29.
Rf1 Nc4 30. Qf4 Rc8 31. h3 a5 32.
Kh1 a4 33. Nd4 Qxc5 34. Nf3 Qf8 35. Qh4 Qd8 36. Qh5 Qe8 37. Qh4 Qd8 38. Qh5 Be8 39. Qg4 Bd7 40. e5 Qe7 41. Qe4 Nb6 42. Qxh7+ Kf8 43.
Ng5+ Ke8 44. Qg8+ 1-0

[Event "*** SCC Grand Prix: Titled Tuesday Blitz"]
[Site "Chess.com"]
[Date "2020.09.29"]
[Round "2"]
[White "fabianvivasz"]
[Black "VladaSviridova"]
[Result "1-0"]
[WhiteElo "2441"]
[BlackElo "2271"]
[TimeControl "180+1"]
[EndTime "10:17:20 PDT"]
[Termination "fabianvivasz won on time"]

1. e4 e6 2. d4 d5 3. Nd2 c5 4. Ngf3 cxd4 5. Nxd4 Nc6 6. Bb5 Bd7 7. Bxc6 bxc6 8.
O-O Bd6 9. Re1 Ne7 10. N2f3 O-O 11. e5 Bc7 12. Nb3 Bb6 13. Be3 Bxe3 14. Rxe3 Nf5 15. Rc3 Qb6 16. Nc5 Rfd8 17. a3 a5 18. Rb1 Be8 19. Nd4 Ne7 20. Qg4 Ng6 21. f4 Ra7 22. h4 Ne7 23. h5 g6 24. h6 Rb8 25. Qg5 Qd8 26. Qf6 Nf5 27. Qxd8 Rxd8 28. Nxf5 exf5 29. Rd3 Bd7 30. Rbd1 Be6 31. b3 Rb8 32. Kf2 Kf8 33. Ke3 Ke7 34. Kd4 Rd8 35. Rc3 1-0

[Event "*** SCC Grand Prix: Titled Tuesday Blitz"]
[Site "Chess.com"]
[Date "2020.09.29"]
[Round "2"]
[White "AniJak"]
[Black "teacher4chess"]
[Result "1-0"]
[WhiteElo "2375"]
[BlackElo "2013"]
[TimeControl "180+1"]
[EndTime "10:17:20 PDT"]
[Termination "AniJak won on time"]

1. e4 Nf6 2. e5 Nd5 3. d4 Nb6 4. c4 d6 5. exd6 cxd6 6. Nc3 g6 7. Be3 Bg7 8. Rc1 O-O 9. b3 Bf5 10. Be2 Nc6 11. h3 d5 12. c5 Nc8 13. Bf3 Nb4 14. Be2 e5 15. dxe5 Bxe5 16. Nf3 Bxc3+ 17. Rxc3 Nxa2 18.
Rd3 Bxd3 19. Qxd3 Qa5+ 20. Bd2 Qxc5 21. O-O Nb4 22. Qb1 Nd6 23. Be3 Qc2 24. Qxc2 Nxc2 25. Bc5 Rfd8 26. Bd3 Rac8 27. Bxa7 Nb4 28. Bb1 Nc6 29.
Bb6 Re8 30. Rd1 Ne4 31. Bd3 Nc3 32. Ra1 Ne2+ 33. Kh2 Nf4 34. Bf1 Nb4 35. Rd1 Rc6 36.
Be3 Nc2 37. Bxf4 Rc3 38. Rxd5 Rxb3 39. Rd7 b5 40. Ne5 1-0

[Event "*** SCC Grand Prix: Titled Tuesday Blitz"]
[Site "Chess.com"]
[Date "2020.09.29"]
[Round "2"]
[White "RobertoJBM"]
[Black "tteshan"]
[Result "1-0"]
[WhiteElo "2711"]
[BlackElo "2348"]
[TimeControl "180+1"]
[EndTime "10:17:21 PDT"]
[Termination "RobertoJBM won by resignation"]

1. d4 Nf6 2. c4 e6 3. Nc3 c5 4. d5 exd5 5. cxd5 d6 6. e4 g6 7. h3 Bg7 8. Bd3 O-O 9. Nf3 Re8 10. O-O c4 11. Bc2 b5 12. Re1 a6 13. Bf4 Qb6 14. Qd2 Nbd7 15. Be3 Qc7 16. Bd4 Bb7 17. b4 cxb3 18. axb3 Rac8 19. Rac1 b4 20. Na4 a5 21.
Bd3 Qb8 22. Rxc8 Rxc8 23. Qb2 Ne8 24. Bxg7 Nxg7 25. Qd4 Nc5 26. Nxc5 Rxc5 27. Bc4 Qc7 28. e5 Nf5 29. Qd3 dxe5 30. Nxe5 a4 31. bxa4 Nd6 32. Ba2 Rc3 33. Qd4 Nf5 34. Qxb4 Rc2 35. Bb3 Rb2 36.
d6 Nxd6 37. Bxf7+ Nxf7 38. Qxb2 Nxe5 39. Qxe5 Qc6 40. Qe6+ 1-0

[Event "*** SCC Grand Prix: Titled Tuesday Blitz"]
[Site "Chess.com"]
[Date "2020.09.29"]
[Round "2"]
[White "MrChampion_Coach"]
[Black "Chesswizard_2007"]
[Result "1-0"]
[WhiteElo "2347"]
[BlackElo "2563"]
[TimeControl "180+1"]
[EndTime "10:17:21 PDT"]
[Termination "MrChampion_Coach won by checkmate"]

1. d4 f5 2. c4 Nf6 3. Nc3 e6 4. Nf3 d5 5. Bf4 Bd6 6. e3 O-O 7.
c5 Be7 8. Qc2 Ne4 9. h3 c6 10. Ne5 Nd7 11. O-O-O Nxe5 12. Bxe5 b6 13. f3 Nf6 14. Na4 Bb7 15. g4 Nd7 16. f4 Nxe5 17.
dxe5 b5 18. Nc3 Bxc5 19. Kb1 Bxe3 20. gxf5 Bxf4 21. f6 gxf6 22. exf6 Qxf6 23. Bd3 Rf7 24. Rdf1 e5 25. Ne2 Kh8 26. Qb3 Raf8 27. Rhg1 a6 28.
Bc2 c5 29. Qf3 Qh6 30. Rg4 c4 31. Rfg1 e4 32. Qg2 Bg3 33. Rxg3 Rf1+ 34. Rxf1 Rxf1+ 35. Qxf1 d4 36. Qg1 Qf8 37. Qxd4+ Qf6 38. Qxf6# 1-0

[Event "*** SCC Grand Prix: Titled Tuesday Blitz"]
[Site "Chess.com"]
[Date "2020.09.29"]
[Round "2"]
[White "Tenamu"]
[Black "RamyresCoelho"]
[Result "0-1"]
[WhiteElo "2354"]
[BlackElo "2015"]
[TimeControl "180+1"]
[EndTime "10:17:21 PDT"]
[Termination "RamyresCoelho won by resignation"]

1. d4 Nf6 2. Nc3 d5 3. Bf4 c6 4.
e3 e6 5. Nf3 Bd6 6. Bd3 O-O 7.
O-O b5 8. a3 Bb7 9. Re1 a5 10.
Qd2 Na6 11. Ne5 Nc7 12. f3 Qe7 13. Ne2 Nh5 14. Ng3 Nxf4 15. exf4 c5 16. c3 c4 17. Bc2 Qh4 18. f5 Kh8 19. Qf2 Rae8 20. f4 Qd8 21.
Nh5 exf5 22. g4 g6 23. Ng3 fxg4 24. f5 Qh4 25. Nd7 Rg8 26. f6 Re6 27. Ne5 Rxf6 28. Nxf7+ Kg7 29. Nxd6 Rxf2 30. Kxf2 Qxh2+ 31. Kf1 Rf8+ 32. Ngf5+ gxf5 33. Re7+ Kg8 34. Rae1 Qxc2 35. Rxc7 Qd3+ 36. Kg1 Qg3+ 37. Kf1 Qxd6 38. Rxb7 Qf4+ 39. Kg2 g3 40. Kh3 Qg4+ 41. Kg2 Qf4 42. Re2 h5 43. Rbe7 h4 44. R7e3 Qg4 45. Rf3 h3+ 46. Kg1 Qxf3 0-1

[Event "*** SCC Grand Prix: Titled Tuesday Blitz"]
[Site "Chess.com"]
[Date "2020.09.29"]
[Round "2"]
[White "Julianos82"]
[Black "tlomigtlis"]
[Result "0-1"]
[WhiteElo "2315"]
[BlackElo "2535"]
[TimeControl "180+1"]
[EndTime "10:17:22 PDT"]
[Termination "tlomigtlis won by checkmate"]

1. d4 d5 2. Bf4 c5 3. e3 Nc6 4. c3 Nf6 5. Nd2 Bf5 6. Ngf3 e6 7. Ne5 Qb6 8. Qb3 c4 9. Qxb6 axb6 10. a3 Be7 11. Be2 b5 12. Rc1 O-O 13. O-O Nxe5 14. Bxe5 Nd7 15. Bg3 Nb6 16. Bd1 Na4 17. Bxa4 bxa4 18.
f3 Bd3 19. Rf2 Ra6 20. Nf1 Rb6 21. Re1 f5 22. Be5 Rb5 23. Ng3 g6 24. Rd2 Bg5 25. f4 Bh4 26. Rc1 Rc8 27. Nh1 Rc6 28. g3 Be7 29. Nf2 Be4 30. Nxe4 fxe4 31. Re1 Rcb6 32. Ree2 Rb3 33. g4 Bxa3 34. bxa3 Rxc3 35. f5 exf5 36.
gxf5 Rbb3 37. fxg6 hxg6 38. Rg2 Rc1+ 39. Kf2 c3 40. Rxg6+ Kh7 41. Rg7+ Kh6 42. Re2 Rb2 43.
Rc7 c2 44. h4 Kh5 45. Bf4 Kg4 46. Kg2 Rbb1 47. Rexc2 Rg1+ 48. Kh2 Rh1+ 49. Kg2 Rhg1+ 50. Kh2 Kf3 51. Rf7 Rh1# 0-1

[Event "*** SCC Grand Prix: Titled Tuesday Blitz"]
[Site "Chess.com"]
[Date "2020.09.29"]
[Round "2"]
[White "PowerThinking2650"]
[Black "MikeSailer"]
[Result "1-0"]
[WhiteElo "2381"]
[BlackElo "2068"]
[TimeControl "180+1"]
[EndTime "10:17:22 PDT"]
[Termination "PowerThinking2650 won by resignation"]

1. e4 d5 2. exd5 Qxd5 3. Nc3 Qd6 4. d4 Nf6 5. Nf3 c6 6. g3 Bf5 7. Bg2 e6 8. O-O Be7 9. Bf4 Qd8 10. Nh4 Bg4 11. Qd2 Nd5 12. Nxd5 cxd5 13. Nf3 O-O 14. Ne5 Bf5 15. c4 Nc6 16. cxd5 exd5 17. Nxc6 bxc6 18.
Rac1 Qb6 19. Rfe1 Bb4 20. Rc3 Bxc3 21. bxc3 Rfe8 22. Be3 Rab8 23. Qe2 Qb2 24. Qa6 Qxc3 25. Rc1 Rb1 26. Rxb1 Bxb1 27. h3 h6 28. Qxa7 Qe1+ 29. Kh2 Be4 30. Bxe4 Rxe4 31. Qa8+ Kh7 32. Qxc6 Qe2 33.
Kg1 Qxa2 34. Qd7 f6 35. h4 Qc4 36. Kg2 Qe2 37. Qf5+ Kg8 38. Qxd5+ Kh7 39. Qxe4+ Kh8 40. Qf3 Qd3 41. d5 f5 42. Bxh6 gxh6 43. Qxd3 1-0

[Event "*** SCC Grand Prix: Titled Tuesday Blitz"]
[Site "Chess.com"]
[Date "2020.09.29"]
[Round "2"]
[White "WPWPWP-2015"]
[Black "rugbyclub"]
[Result "1-0"]
[WhiteElo "2407"]
[BlackElo "2169"]
[TimeControl "180+1"]
[EndTime "10:17:23 PDT"]
[Termination "WPWPWP-2015 won on time"]

1. e4 e6 2. d4 d5 3. Nc3 Bb4 4. e5 Ne7 5. Qg4 Ng6 6. h4 h5 7. Qg3 Nc6 8. a3 Ba5 9. Nf3 Bxc3+ 10. bxc3 Nce7 11. Bg5 c5 12. Bd3 Qa5 13. Bxe7 Qxc3+ 14. Ke2 Nxe7 15. dxc5 Qxc5 16. Rab1 a6 17. Qxg7 Rg8 18. Qf6 Rxg2 19. Ng5 Nf5 20. Qxf7+ Kd8 21. Qg8+ Kd7 22.
Qxe6+ Kc7 23. Rhf1 Nd4+ 24. Kd1 Nxe6 25. Nf3 Rxf2 26.
Nd2 Rxf1+ 27. Bxf1 d4 28. Rb4 Qxe5 29. Nf3 Qe3 30. Rb3 Qf4 31. Be2 Bd7 32. Rb4 Bc6 33.
Nd2 Rd8 34. Rc4 d3 35. cxd3 Qg3 36. Ne4 1-0